 Dungeon Crawl Stone Soup version 0.32-a0-918-g0f22ef8d61 (webtiles) character file.

Game seed: 2446573158245056664

482 smashvw the Chopper (level 6, 0/76 HPs)
             Began as a Minotaur Berserker on Apr 11, 2024.
             Was a Priest of Trog.
             Succumbed to a gnoll's poison
             ... on level 4 of the Dungeon.
             The game lasted 00:07:06 (2694 turns).

smashvw the Chopper (Minotaur Berserker)            Turns: 2694, Time: 00:07:06

Health: 0/76       AC:  8    Str: 24    XL:     6   Next: 87%
Magic:  5/5        EV: 24    Int:  4    God:    Trog [***...]
Gold:   95         SH:  4    Dex:  9    Spells: 5/5 levels left

rFire   . . .        a - +0 hand axe
rCold   . . .        c - +0 buckler
rNeg    . . .        h - +0 scale mail
rPois   .            t - +1 hat
rElec   .            (no cloak)
rCorr   .            p - +0 pair of gloves
SInv    .            (no boots)
Will    .....        f - amulet of the acrobat Stlth
                     (no ring)
HPRegen 0.32/turn    (no ring)
MPRegen 0.09/turn

%: acrobat
@: berserking (expiring), lethally poisoned (0 -> -15), acrobatic, very quick
A: horns 2, retaliatory headbutt
a: Renounce Religion, Berserk, Trog's Hand


You were on level 4 of the Dungeon.
You worshipped Trog.
Trog was most pleased with you.
You visited 1 branch of the dungeon, and saw 4 of its levels.

You collected 95 gold pieces.

Inventory:

Hand Weapons
 a - a +0 hand axe (weapon)
Armour
 c - a +0 buckler (worn)
 h - a +0 scale mail (worn)
 p - a +0 pair of gloves (worn)
 t - a +1 hat (worn)
Jewellery
 f - an amulet of the acrobat (around neck)
Wands
 k - a wand of paralysis (16)
Scrolls
 d - a scroll of poison {unknown}
 e - a scroll of vulnerability {unknown}
 g - a scroll of identify {unknown}
 i - a scroll of amnesia {unknown}
 j - a scroll of noise {unknown}
 m - 2 scrolls of revelation {unknown}
 n - a scroll of enchant armour {unknown}
 o - a scroll of fear {unknown}
Potions
 b - a potion of cancellation {unknown}
 l - a potion of resistance {unknown}
 q - a potion of magic {unknown}
 r - a potion of mutation {unknown}
 s - a potion of lignification {unknown}


   Skills:
 - Level 3.6 Fighting
 + Level 7.1 Axes
 - Level 2.4 Armour
 - Level 2.1 Dodging
 + Level 5.9 Shields


You had 5 spell levels left.
You didn't know any spells.
Your spell library was empty.

Dungeon Overview and Level Annotations

Branches:
Dungeon (4/15)
 Temple: D:4-7

Altars:

Shops:
D:2 :   D:4 [


Innate Abilities, Weirdness & Mutations

You have a pair of horns on your head.
You reflexively headbutt those who attack you in melee.


Message History

You feel very sick. The adder bites you but does no damage.
The gnoll hits you from afar with a +0 spear of venom.
You miss the adder. Your headbutt misses the adder.
The adder is severely wounded.
You feel sick. The adder bites you but does no damage.
The gnoll hits you from afar with a +0 spear of venom!
You are lethally poisoned!
A red film seems to cover your vision as you go berserk!
You feel yourself moving faster!
You feel mighty!
You feel very sick. The adder bites you.
* * * LOW HITPOINT WARNING * * *
The gnoll hits you from afar with a +0 spear of venom.
* * * LOW HITPOINT WARNING * * *
You are lethally poisoned!
The adder closely misses you.
You miss the adder. Your headbutt misses the adder.
The adder is severely wounded.
* * * LOW HITPOINT WARNING * * *
You feel very sick. You block the gnoll's attack.
You barely miss the adder. Your headbutt misses the adder.
The adder is severely wounded.
* * * LOW HITPOINT WARNING * * *
You feel very sick. The adder bites you.
* * * LOW HITPOINT WARNING * * *
You slash the adder!
You kill the adder!
Trog accepts your kill.
* * * LOW HITPOINT WARNING * * *
You feel sick. The gnoll hits you but does no damage.
You are more poisoned.
* * * LOW HITPOINT WARNING * * *
You feel very sick.
You feel a strong urge to attack something.
* * * LOW HITPOINT WARNING * * *
You feel very sick.
You die...

########## #..
...P...†># #..
~.§~P#.#g### #.. ~§§
g.g#...# #.. §
§~~.###..## #..
.§§§.# #..@# #..
§§§P§ #.#.### #..
.##§ #.....# #.. ..
##....##############
###................
#...#############
##...#########...
#...........'...
##.#.########...


You could see a gnoll.

Vanquished Creatures
  A phantom (D:4)
  Blork the orc (D:4)
  A centaur zombie (D:4)
  A bullfrog zombie (D:4)
  A hound (D:4)
  2 orc priests (D:4)
  3 hound zombies (D:4)
  3 adders
  2 ufetubi (D:4)
  An adder zombie (D:4)
  An adder skeleton (D:4)
  2 dart slugs
  A ribbon worm (D:3)
  14 orcs
  5 ball pythons
  5 bats
  4 endoplasms
  4 giant cockroaches
  6 goblins
  13 hobgoblins
  4 jackals (D:1)
  A frilled lizard (D:2)
  4 kobolds
  4 rats
84 creatures vanquished.

Notes
Turn   | Place    | Note
-------+----------+-------------------------------------------
     0 | D:1      | smashvw the Minotaur Berserker began the quest for the Orb.
     0 | D:1      | Reached XP level 1. HP: 19/19 MP: 0/0
    44 | D:1      | Reached skill level 1 in Shields
    47 | D:1      | Reached skill level 4 in Axes
    52 | D:1      | Reached XP level 2. HP: 18/26 MP: 1/1
   391 | D:1      | Reached ** piety under Trog
   414 | D:1      | Reached XP level 3. HP: 31/31 MP: 2/2
   730 | D:2      | Found Quarumn's Vocational Training.
  1268 | D:3      | Reached XP level 4. HP: 27/39 MP: 3/3
  1426 | D:3      | Reached skill level 5 in Axes
  1778 | D:4      | Found Xano's Armour Boutique.
  1822 | D:4      | Reached *** piety under Trog
  1838 | D:4      | Reached XP level 5. HP: 12/45 MP: 4/4
  2154 | D:4      | Noticed a phantom
  2160 | D:4      | Killed a phantom
  2161 | D:4      | Reached skill level 6 in Axes
  2168 | D:4      | Reached XP level 6. HP: 45/51 MP: 5/5
  2173 | D:4      | Reached skill level 5 in Shields
  2227 | D:4      | Noticed Blork the orc
  2239 | D:4      | Killed Blork the orc
  2457 | D:4      | Reached skill level 7 in Axes
  2693 | D:4      | HP: 3/76 [poisoned by a gnoll]
  2694 | D:4      | Succumbed to a gnoll's poison

Illustrated notes

Levels and vault maps discovered:
D:1:      minmay_arrival_semitransparent, layout_loops_ring
D:2:      layout_loops_ring, corexii_item_surrounded_by_moat,
          nicolae_shop_vocational
D:3:      layout_rooms
D:4:      layout_basic, serial_undead, serial_undead_e, serial_undead_a,
          serial_undead_b, serial_undead_f, serial_shops, shop,
          uniq_blork_the_orc

Skill      XL: |  1  2  3  4  5  6 |
---------------+-------------------+-----
Shields        | 1 2 3 4 5 |  5.9
Axes           | 4 5 6 7 |  7.1
Fighting       | |  3.6
Armour         | |  2.4
Dodging        | |  2.1

Action                     |  1- 3 |  4- 6 || total
---------------------------+-------+-------++-------
  Melee: Hand axe          |    77 |   137 ||   214
         Headbutt          |    10 |    19 ||    29
 Invoke: Berserk           |       |     2 ||     2
   Stab: Sleeping          |     1 |       ||     1
 Armour: Animal skin       |    24 |       ||    24
         Scale mail        |    20 |   123 ||   143
  Dodge: Dodged            |    46 |    70 ||   116
  Block: Buckler           |    10 |    33 ||    43

Table legend: (Time is in decaauts)
 A = Elapsed time spent in this place.
 B = Non-inter-level travel time spent in this place.
 C = Inter-level travel time spent in this place.
 D = Time resting spent in this place.
 E = Time spent auto-exploring this place.
 F = Levels seen in this place.
 G = Mean time per level.
                   A        B        C        D        E       F      G
               +--------+--------+--------+--------+--------+-----+--------+
         Total |   2718 |   2668 |     50 |     89 |   2096 |   4 |  679.5 |
       Dungeon |   2718 |   2668 |     50 |     89 |   2096 |   4 |  679.5 |
               +--------+--------+--------+--------+--------+-----+--------+

Top non-repeatable levels by time:
     D:4: 955 daAuts
     D:1: 629 daAuts
     D:2: 618 daAuts
     D:3: 515 daAuts
